 Dungeon Crawl Stone Soup version 0.21-a0-625-g1119ec1 (webtiles) character file.

58 zxpr0jk the Sneak (level 3, -2/27 HPs)
             Began as a Vampire Assassin on Dec 24, 2017.
             Slain by Robin
             ... wielding a +0 mace
              (6 damage)
             ... on level 2 of the Dungeon.
             The game lasted 00:02:13 (535 turns).

zxpr0jk the Sneak (Vampire Assassin)                 Turns: 535, Time: 00:02:14

Health: -2/27      AC:  4    Str: 10    XL:     3   Next: 76%
Magic:  3/3        EV: 12    Int: 13    God:
Gold:   35         SH:  0    Dex: 16    Spells: 2/2 levels left

rFire    . . .     SeeInvis +   b - +0 blowgun
rCold    . . .     Gourm    .   (no shield)
rNeg     + . .     Faith    .   h - +1 robe {MR+}
rPois    .         Spirit   .   (no helmet)
rElec    .         Reflect  .   d - +0 cloak
rCorr    .         Harm     .   (no gloves)
MR       +....                  (no boots)
Stlth    ++++......             (no amulet)
HPRegen  0.09/turn              (no ring)
MPRegen  0.08/turn              (no ring)

@: no status effects
A: fangs 3, see invisible, unbreathing
a: Bat Form


You were on level 2 of the Dungeon.
You were not thirsty.

You visited 1 branch of the dungeon, and saw 2 of its levels.

You collected 35 gold pieces.

Inventory:

Hand Weapons
 a - a +2 dagger
 b - a +0 blowgun (weapon)
Missiles
 e - 28 poisoned needles (quivered)
 f - 2 curare-tipped needles
Armour
 d - a +0 cloak (worn)
 h - a +1 robe of magic resistance (worn)
Scrolls
 c - 2 scrolls of teleportation {unknown}
 i - a scroll of identify {unknown}
 k - a scroll of amnesia {unknown}
Potions
 g - a potion of blood
 j - a potion of flight {unknown}


   Skills:
 - Level 1.7 Fighting
 + Level 3.1 Short Blades
 - Level 1.5 Throwing
 - Level 1.1 Dodging
 * Level 7.6 Stealth


You had 2 spell levels left.
You didn't know any spells.

Dungeon Overview and Level Annotations

Branches:
Dungeon (2/15)

Altars:

Annotations:
D:2 Robin


Innate Abilities, Weirdness & Mutations

You have razor-sharp teeth.
You have supernaturally acute eyesight. (SInv)
You can survive without breathing.


Message History

You closely miss Robin.
Robin is lightly wounded.
Robin throws the goblin at you! The goblin hits you but does no damage.
You hit Robin but do no damage.
Robin is lightly wounded.
Robin hits you but does no damage.
The goblin hits you with an uncursed club!
* * * LOW HITPOINT WARNING * * *
Unknown command.
You hit the goblin.
You kill the goblin!
Robin hits you but does no damage.
Things that are here:
an uncursed club; an uncursed hunting sling; 27 stones You see here a scroll labeled GOTEOR YPEWESE.
k - a scroll labeled GOTEOR YPEWESE Wield which item (- for none, * to show all)? (? for menu, Esc to quit)
b - a +0 blowgun (weapon)
Robin hits you with a mace.
You die...

....(....#..#
.........#..#
..g..g...#..# #+
....g.g..#..# #.
......)..#..##########.
########g#..........##.
#.g>........†'..
########.........##.
#.@g.)().........+..
#.######.........##. #.
#.........##. #.
############. #. ## #.
# #. # #. # #####


You could see Robin.

Vanquished Creatures
  An adder (D:2)
  An ooze (D:1)
  A dart slug (D:1)
  A leopard gecko (D:2)
  A giant cockroach (D:1)
  10 goblins
  3 hobgoblins
  4 jackals (D:1)
  2 kobolds
  6 bats
  6 frilled lizards
  6 rats (D:1)
42 creatures vanquished.

Notes
Turn   | Place    | Note
-------+----------+-------------------------------------------
     0 | D:1      | zxpr0jk the Vampire Assassin began the quest for the Orb.
     0 | D:1      | Reached XP level 1. HP: 16/16 MP: 1/1
    48 | D:1      | Reached skill level 6 in Stealth
    75 | D:1      | Reached XP level 2. HP: 14/22 MP: 2/2
   306 | D:1      | Reached skill level 7 in Stealth
   332 | D:1      | Reached XP level 3. HP: 27/27 MP: 3/3
   499 | D:2      | Noticed Robin
   535 | D:2      | Slain by Robin

Vault maps used:
D:1:      minmay_arrival_glassed_features
D:2:      first_ration, uniq_robin

Skill      XL: |  1  2  3 |
---------------+----------+-----
Stealth        | 6 7 |  7.6
Short Blades   | 3 |  3.1
Fighting       | |  1.7
Throwing       | |  1.5
Dodging        | |  1.1

Action                   || total
-------------------------++-------
Melee: Dagger            ||   103
       Bite              ||     8
 Stab: Sleeping          ||    10
  Eat: Corpse            ||     2
Armor: Robe              ||    31
Dodge: Dodged            ||    66

Table legend:
 A = Spawn XP
 B = Non-spawn XP
 C = Spawn XP percentage of total XP
 D = Spawn monster count
 E = Non-spawn monster count
 F = Spawn count percentage of total count
 G = Total turns spent on level
                    A         B        C        D         E        F      G
               +---------+---------+-------+---------+---------+-------+---------
         Total |       0 |      84 |   0.0 |       0 |      42 |   0.0 |   535
               +---------+---------+-------+---------+---------+-------+---------
           D:1 |       0 |      45 |   0.0 |       0 |      26 |   0.0 |   414
           D:2 |       0 |      39 |   0.0 |       0 |      16 |   0.0 |   121
               +---------+---------+-------+---------+---------+-------+---------
